 Seeded DCSS version 0.27-a0-988-g25969acef8 (webtiles) character file.

Game seed: 6966969 (custom seed)

9 muata the Sneak (level 2, 14/25 HPs)
             Began as a Djinni Delver on Apr 15, 2021.
             Quit the game on level 5 of the Dungeon.
             The game lasted 00:00:26 (23 turns).

muata the Sneak (Djinni Delver)                       Turns: 23, Time: 00:00:27

Health: 14/25      AC:  3    Str: 11    XL:     2   Next: 12%
Gold:   4          EV: 12    Int: 11    God:
                   SH:  0    Dex: 14

rFire    + + .     SeeInvis .   a - +0 hand axe
rCold    x . .     Faith    .   (no shield)
rNeg     . . .     Spirit   .   b - +0 leather armour
rPois    ∞         Reflect  .   (no helmet)
rElec    .         Harm     .   (no cloak)
rCorr    .         Rampage  .   (no gloves)
Will     .....                  (boots unavailable)
Stlth    ++........             (no amulet)
HPRegen  0.08/turn              (no ring)
MPRegen  0.00/turn              (no ring)

@: flying
A: fire resistance 2, cold vulnerability 1, float, innate caster, hp casting,
extra vitality 1
a: no special abilities


You were on level 5 of the Dungeon.
You visited 1 branch of the dungeon, and saw 1 of its levels.

You collected 4 gold pieces.

Inventory:

Hand Weapons
 a - a +0 hand axe (weapon)
Armour
 b - a +0 leather armour (worn)
Wands
 g - a wand of digging (3)
Scrolls
 c - a scroll of fog
 d - a scroll of magic mapping
 e - a scroll of fear
Potions
 f - a potion of haste


   Skills:
 + Level 3.0 Fighting
 + Level 1.6 Axes
 + Level 2.2 Dodging
 + Level 4.4 Stealth


You had one spell level left.
You didn't know any spells.
Your spell library was empty.

Dungeon Overview and Level Annotations

Branches:
Dungeon (5/15)
 Temple: D:4-7

Altars:


Innate Abilities, Weirdness & Mutations

You are immune to poison.
Your flesh is very heat resistant. (rF++)
You are vulnerable to cold. (rC-)
You float through the air rather than walking.
You learn spells naturally, not from books.
Your magical power is your life essence.
You have superior vitality. (+4 HP)


Message History

Welcome, muata the Djinni Delver.
Game seed: 6966969 (custom seed); Press ? for a list of commands and other information.
Found a stone staircase leading down.
No target in view!
An adder comes into view.
The adder moves out of view.
Found a short sword.
You now have 4 gold pieces.
You reach down and open the door.
An adder is nearby!
You don't know any spells.
Sorry, you're not good enough to have a special ability.
You catch the helpless adder completely off-guard!
You hit the adder.
The adder is heavily wounded.
The adder barely misses you. x2
You miss the adder.
The adder is heavily wounded.
The adder barely misses you. The adder closely misses you.
You miss the adder.
The adder is heavily wounded.
The adder bites you but does no damage.
You closely miss the adder.
The adder is heavily wounded.
The adder bites you. The adder barely misses you.
You closely miss the adder.
The adder is heavily wounded.
The adder bites you. x2
You hit the adder.
The adder is almost dead.
The adder barely misses you.
You hit the adder.
You kill the adder!
You have reached level 2!
Are you sure you want to abandon this character and quit the game? (Confirm with "yes".)

#..# #..#
##..# ....
#..#
.).#..#
#..#.†#
..#.@#
..#..#
#.#..#
#.#..#
#.#..'...+
#..#.#...#
#..#.#...#
#..#.# ..#
#....# ..#


There were no monsters in sight!

Vanquished Creatures
  An adder (D:5)
1 creature vanquished.

Notes
Turn   | Place    | Note
-------+----------+-------------------------------------------
     0 | D:5      | muata the Djinni Delver began the quest for the Orb.
     0 | D:5      | Reached XP level 1. HP: 20/20 MP: 0/0
    23 | D:5      | Reached XP level 2. HP: 14/25 MP: 0/0
    23 | D:5      | Quit the game

Illustrated notes

Levels and vault maps discovered:
D:5:      layout_basic, minmay_temple_entry_butterflies, serial_shops, shop,
          minmay_misc_feat_enclosed, nicolae_alphabet_shops, minmay_manual_moon,
          uniq_eustachio

Action                   || total
-------------------------++-------
Melee: Hand axe          ||     7
 Stab: Distracted        ||     1
Armor: Leather armour    ||     1
Dodge: Dodged            ||     6

Table legend: (Time is in decaauts)
 A = Elapsed time spent in this place.
 B = Non-inter-level travel time spent in this place.
 C = Inter-level travel time spent in this place.
 D = Time resting spent in this place.
 E = Time spent auto-exploring this place.
 F = Levels seen in this place.
 G = Mean time per level.
                   A        B        C        D        E       F      G
               +--------+--------+--------+--------+--------+-----+--------+
         Total |     24 |     24 |      0 |      0 |      8 |   1 |   24.0 |
       Dungeon |     24 |     24 |      0 |      0 |      8 |   1 |   24.0 |
               +--------+--------+--------+--------+--------+-----+--------+

Top non-repeatable levels by time:
     D:5: 24 daAuts
